Map: Automaton LE

Players

Clem - Winner!

  • Race: Terran Terran
  • Spawn Location: 3:00

SunSet

  • Race: Zerg Zerg
  • Spawn Location: 9:00

Event: 2019 WCS Spring

VOD

Have the link to the VOD?

Description

Time

  • Played on: May 17, 2019, 6:36 a.m.
  • Length: 9:51

All games in this series

Show
View Real Time Build Order
Export as new Build Order

Clem Terran - Winner!

Build Orders: Gas First Reaper Expand, Hellion Banshee 

Get SALT Encoding   

  12  0:01  SCV  
  13  0:13  SCV  
  14  0:18  Supply Depot  
  14  0:25  SCV  
  15  0:28  Refinery  
  15  0:39  SCV  
  16  0:45  Barracks  
  16  0:52  SCV  
  17  1:04  SCV  
  18  1:16  SCV  
  19  1:33  Reaper, Orbital Command  
  20  1:45  Command Center  
  20  1:57  Factory  
  20  2:01  SCV  
  21  2:06  Barracks Reactor  
  21  2:14  SCV  
  22  2:16  Supply Depot  
  22  2:23  Refinery  
  22  2:26  SCV  
  23  2:38  SCV  
  24  2:44  Starport  
  24  2:48  Hellion x2  
  28  2:52  SCV  
  28  2:53  Barracks Tech Lab  
  29  3:01  Orbital Command  
  29  3:04  SCV  
  30  3:12  Hellion  
  32  3:14  Hellion  
  32  3:18  SCV  
  35  3:29  Banshee  
  35  3:33  Cloaking Field  
  38  3:41  Hellion  
  40  3:42  Supply Depot  
  40  3:44  Hellion  
  40  3:47  Barracks Tech Lab  
  42  3:52  Bunker  
  42  3:55  SCV  
  43  3:56  SCV  
  44  4:05  Marauder  
  46  4:10  Concussive Shells  
  46  4:12  Banshee  
  46  4:16  Hellion  
  51  4:23  SCV  
  34  4:47  Marauder  
  36  4:55  Hellion  
  36  4:57  Hellion  
  38  5:01  SCV x2  
  38  5:13  SCV x2  
  38  5:15  Marauder  
  38  5:22  Hellion  
  38  5:25  SCV  
  39  5:28  SCV  
  40  5:37  Marauder, SCV  
  40  5:41  SCV, Supply Depot  
  44  5:47  Banshee  
  47  5:54  Hellion  
  49  5:59  Hellion  
  49  6:03  Marauder  
  53  6:11  Supply Depot  
  53  6:18  Supply Depot  
  53  6:20  SCV x2  
  55  6:34  Supply Depot  
  55  6:36  Marine x2  
  55  6:37  Siege Tank  
  55  6:39  SCV x2  
  62  6:45  Viking  
  64  6:50  Supply Depot  
  64  6:54  Marine x2  
  64  6:59  SCV x2  
  68  7:11  SCV  
  69  7:16  Engineering Bay  
  69  7:17  Bunker  
  69  7:21  Supply Depot  
  69  7:26  Marine  
  69  7:27  SCV  
  69  7:29  SCV  
  72  7:35  Supply Depot  
  72  7:40  SCV, Siege Tank  
  72  7:43  SCV  
  77  7:46  Marine x2  
  79  7:52  SCV  
  79  7:57  SCV, Supply Depot  
  81  8:04  SCV  
  82  8:06  Marine x2  
  82  8:09  SCV  
  85  8:13  Command Center  
  85  8:19  Siege Tank  
  88  8:24  Starport Reactor  
  88  8:26  SCV  
  89  8:27  SCV, Barracks  
  89  8:31  Marine x2  
  92  8:38  SCV  
  92  8:39  SCV  
  94  8:42  Barracks  
  94  8:47  Refinery  
  94  8:48  Supply Depot, Refinery  
  94  8:50  SCV  
  94  8:52  Engineering Bay  
  94  8:53  Engineering Bay  
  95  9:02  Siege Tank  
  98  9:06  Supply Depot  
  98  9:07  SCV x2, Marine x2  
  102  9:15  Supply Depot  
  102  9:16  Marine  
  103  9:19  SCV x2  
  105  9:24  Marine  
  106  9:32  SCV, Marine  
  106  9:33  SCV  
Show
View Real Time Build Order
Export as new Build Order

SunSet Zerg 

Build Orders: Pool First, Roach Nydus 

Get SALT Encoding   

  12  0:01  Drone  
  13  0:13  Overlord  
  13  0:18  Drone  
  14  0:31  Drone x2  
  16  0:42  Spawning Pool  
  15  0:46  Drone  
  16  0:50  Drone  
  17  1:13  Hatchery  
  17  1:15  Drone  
  17  1:21  Extractor  
  16  1:29  Zergling x6  
  19  1:37  Queen  
  21  1:44  Overlord  
  21  1:52  Drone  
  22  2:04  Drone  
  25  2:16  Drone  
  25  2:19  Extractor  
  23  2:23  Drone  
  23  2:24  Lair  
  23  2:25  Drone  
  23  2:29  Queen  
  27  2:41  Drone x2  
  28  2:54  Overlord  
  28  3:00  Roach Warren  
  26  3:21  Nydus Network  
  25  3:28  Spore Crawler  
  24  3:40  Roach  
  24  3:41  Roach x4  
  35  3:44  Roach  
  36  3:53  Roach  
  38  3:57  Nydus Canal  
  38  4:00  Roach  
  40  4:07  Roach  
  41  4:28  Roach  
  39  4:32  Zergling x2  
  39  4:35  Roach  
  37  4:38  Zergling x2  
  37  4:41  Roach x2  
  33  4:46  Nydus Canal  
  33  4:47  Roach  
  33  4:51  Roach  
  36  5:01  Queen  
  38  5:10  Nydus Canal  
  38  5:11  Roach  
  39  5:22  Queen  
  41  5:30  Nydus Canal  
  41  5:40  Queen  
  41  5:42  Nydus Canal  
  43  5:46  Overlord  
  43  5:55  Nydus Canal, Drone  
  44  6:00  Spore Crawler  
  43  6:05  Nydus Canal  
  43  6:15  Drone x3  
  46  6:21  Nydus Canal  
  46  6:27  Queen  
  46  6:31  Drone  
  49  6:37  Roach  
  51  6:46  Nydus Canal  
  51  6:50  Overlord  
  51  6:53  Drone  
  52  7:00  Overseer  
  52  7:08  Queen, Nydus Canal  
  52  7:12  Roach x2  
  58  7:18  Roach  
  58  7:20  Overlord  
  60  7:27  Overlord  
  60  7:37  Overlord  
  60  7:42  Nydus Canal  
  60  7:44  Queen  
  60  7:48  Drone  
  60  7:49  Drone x2  
  65  7:54  Overlord  
  65  7:57  Drone  
  66  8:01  Nydus Canal  
  66  8:04  Drone  
  67  8:05  Drone  
  69  8:12  Drone  
  69  8:13  Drone x2  
  69  8:18  Drone  
  69  8:19  Drone x2  
  70  8:37  Drone x2  
  70  8:41  Spire  
  67  8:46  Extractor  
  67  8:47  Extractor  
  63  8:48  Spore Crawler  
  63  8:53  Drone  
  63  8:54  Drone  
  64  9:00  Drone x2  
  64  9:01  Hatchery  
  65  9:03  Drone  
  65  9:04  Spore Crawler  
  65  9:11  Nydus Canal  
  65  9:16  Overseer  
  61  9:29  Roach  
  61  9:30  Roach  
  57  9:38  Drone  
Tags
 
Add a new tag
Caveats
  • Supply blocks, unpowered buildings, or Contaminate may cause inaccurate times.
  • Supply counts are checked every 10 seconds.